AoeStats
← Leão

Arabia

508517705Analyzed
1v1 RM · 10d ago on Sep 22, 2026· 39m 15s· 2 players
Game mode
Random Map
Map size
Tiny (2 player)
Population
200
Speed
Normal
Resources
Standard
Victory
Conquest
Starting age
Dark Age
Ending age
Imperial Age
RankedLock teamsTeams togetherTeam positionsShared explorationLock speedFull tech treeHidden civsTurbo modeCheats
Victory
Defeat
🇬🇧 Danes · United Kingdom
1377
+12
🇧🇷 Magyars · Brazil
1280
-12
Quintem
10:00 Feudal Age
8:21 Loom
10:05 Man-at-Arms
10:58 Double-Bit Axe
13:13 Horse Collar
15:33 Wheelbarrow
20:36 Castle Age
18:28 Gold Mining
19:46 Scale Mail Armor
19:38 Arson
20:06 Forging
21:34 Squires
24:49 Gambesons
25:20 Chain Mail Armor
26:13 Bow Saw
29:00 Iron Casting
28:55 Hand Cart
29:05 Town Watch
30:10 Ballistics
35:06 Imperial Age
36:34 Plate Mail Armor
36:00 Onager
37:36 Pikeman
38:33 Siege Engineers
39:33 Blast Furnace
Leão
6:22 Loom
6:28 Loom
9:42 Feudal Age
10:13 Double-Bit Axe
21:13 Castle Age
19:07 Horse Collar
19:57 Gold Mining
20:01 Fletching
20:36 Padded Archer Armor
21:22 Bloodlines
22:13 Bow Saw
23:20 Bodkin Arrow
25:21 Wheelbarrow
28:31 Husbandry
31:01 Thumb Ring
30:48 Light Cavalry
35:40 Ballistics
37:11 Scale Barding Armor
37:22 Leather Archer Armor
39:15 Hand Cart
38:45 Town Watch
Connection lost

Rejoining the realm…

Still unreachable

The connection could not be restored.

Session expired

The server has moved on; the page needs a fresh start.